Cogmind - Beta 17.1 @@@ ROGUE MODE // 2026.09.03 @ 16:06:45 Player: pirluit Result: Destroyed by D-53 Grenadier with Mini Grenade Launcher Performance ------------- Evolutions (0) 0 Regions Visited (2) 400 Robots Destroyed (8) 40 Value Destroyed (139) 139 Prototype IDs (0) 0 Alien Tech Used (0) 0 Bonus (0) 0 TOTAL SCORE: 579 Bonus ------- None Cogmind --------- Core Integrity 0/250 Matter 213/300 Energy 62/100 System Corruption 0% Temperature Cool (0) Movement Treading (160) Location -10/Mines Parts ------- > --- POWER (1) -------- (None) > --- PROPULSION (2) --- Light Treads Light Treads > --- UTILITY (2) ------ Medium Storage Unit Terrain Scanner > --- WEAPON (2) ------- Light Cannon > --- INVENTORY (10) --- Ion Engine Small Storage Unit High-capacity Storage Unit High-capacity Matter Pod (0) Mining Laser Peak State ------------ > --- POWER ------------ Ion Engine > --- PROPULSION ------- Aluminum Leg Aluminum Leg > --- UTILITY ---------- Small Storage Unit Medium Storage Unit > --- WEAPON ----------- EM Pulse Gun EM Pulse Gun > --- INVENTORY -------- Light Ion Engine Light Treads Light Treads Medium Laser Mining Laser [Rating: 7] Favorites ----------- Power Ion Engine Engine Ion Engine Propulsion Aluminum Leg Treads Light Treads Leg Aluminum Leg Utility Medium Storage Unit Device Terrain Scanner Storage Medium Storage Unit Processor Targeting Computer Weapon Light Cannon Energy Gun EM Pulse Gun Ballistic Cannon Light Cannon Build | -11 -10 -10 ------- Run | Yrd Mat Min Slots Evolved . | . . . Power . | . . . Propulsion . | . . . Utility . | . . . Weapon . | . . . Parts Attached 15 | 7 7 1 Power 2 | 1 1 . Engine 2 | 1 1 . Core . | . . . Reactor . | . . . Propulsion 4 | 2 2 . Treads 2 | . 2 . Leg 2 | 2 . . Wheel . | . . . Hover . | . . . Flight . | . . . Utility 4 | 1 2 1 Device 1 | . . 1 Storage 2 | 1 1 . Processor 1 | . 1 . Hackware . | . . . Protection . | . . . Artifact . | . . . Weapon 5 | 3 2 . Energy Gun 3 | 3 . . Energy Cannon . | . . . Ballistic Gun . | . . . Ballistic Cannon 2 | . 2 . Launcher . | . . . Special Weapon . | . . . Impact Weapon . | . . . Slashing Weapon . | . . . Piercing Weapon . | . . . Special Melee Weapon . | . . . Unidentified Prototypes . | . . . Parts Lost 8 | . 2 6 Power 1 | . . 1 Propulsion 2 | . . 2 Utility 1 | . . 1 Weapon 4 | . 2 2 Highest Loss Streak 6 | . 2 6 To Critical Strikes . | . . . Average Backups 6 | 2 7 7 Power . | . 1 1 Propulsion 1 | 1 2 1 Utility 1 | . 2 3 Weapon 2 | 1 2 1 Tool/Special . | . . . Unused Backups 3 | . . 3 Power . | . . . Propulsion . | . . . Utility 2 | . . 2 Weapon 1 | . . 1 Tool/Special . | . . . Average Slot Usage (%) 96 | . 98 92 Engine 13 | . 14 12 Treads 2 | . 4 . Leg 24 | . 23 25 Storage 14 | . 14 14 Processor 11 | . 12 9 Energy Gun 11 | . 14 3 Ballistic Cannon 15 | . 12 23 Peak Build Rating 7 | 6 7 7 Average Rating 6 | 4 6 6 On Entrance 4 | . 6 7 Avg Prop Armor Cover (%) . | . . . Naked Turns . | . . . Heaviest Build 21 | 14 21 19 Greatest Support 40 | 20 40 40 Greatest Overweight (x) 2 | 2 1 . Average Overweight (x) . | . . . Largest Inventory Capacity 10 | 8 10 10 Average Capacity 9 | 6 9 10 Most Carried 9 | 5 9 8 Average Carried 7 | 2 7 7 Final Capacity 10 | 8 10 10 Final Carried 8 | 5 8 5 Class Distribution -------------------- 100% | Mutant Dominant Class ---------------- Mutant | -10/Materials Mutant | -10/Mines Resources | -11 -10 -10 ----------- Run | Yrd Mat Min Matter Collected 367 | 214 135 18 Remotely . | . . . Salvage Created 182 | 30 134 18 Parts 17 | 2 13 2 Haulers Intercepted . | . . . Recyclers Shooed . | . . . Parts Field Recycled . | . . . Retrieved Matter . | . . . Parts Self-Destructed . | . . . Prevented . | . . . Parts Restored . | . . . Kills | -11 -10 -10 ------- Run | Yrd Mat Min Combat Hostiles Destroyed 5 | . 5 . Guns 2 | . 2 . Cannons 3 | . 3 . Classes Destroyed 5 | 1 3 1 Builder 1 | . . 1 Tunneler 1 | 1 . . Watcher 1 | . 1 . Swarmer 3 | . 3 . Grunt 2 | . 2 . Best Kill Streak 4 | 1 4 1 Combat Bots Only 4 | . 4 . Max Kills in Single Turn 1 | 1 1 1 Gunslinging . | . . . Exploded . | . . . Melee . | . . . Uniques/NPCs Destroyed . | . . . Combat | -11 -10 -10 -------- Run | Yrd Mat Min Hostile Shots Fired 61 | . 43 18 Missed 9 | . 7 2 Hits 52 | . 36 16 Projectile 52 | . 36 16 AOE 18 | . . 18 Critical Strikes 1 | . 1 . Damage Taken 1055 | . 320 735 Core 254 | . 35 219 Absorbed by Shields . | . . . Core Remaining (%) 100 | 100 . . Volleys Fired 24 | 1 17 6 Largest 2 | 2 2 2 Hottest 80 | 80 80 80 Shots Fired 41 | 2 30 9 Gun 20 | 2 15 3 Cannon 21 | . 15 6 Launcher . | . . . Special . | . . . Kinetic 21 | . 15 6 Thermal 3 | . . 3 Explosive . | . . . Electromagnetic 17 | 2 15 . Robot Hit Streak 8 | 1 8 3 Robot Miss Streak 2 | . 2 1 Penetration Max . | . . . Secondary Targets 1 | . 1 . Max Gunslinging Chain 1 | . 1 . Shots Hit Robots 24 | 1 17 6 Core Hits 9 | 1 7 1 Critical Kills . | . . . Critical Parts Destroyed . | . . . Critical Strikes 1 | . 1 . Blast 1 | . 1 . Melee Attacks . | . . . Impact . | . . . Slashing . | . . . Piercing . | . . . Sneak Attacks . | . . . Combat Hostiles . | . . . Follow-up Attacks . | . . . Damage Inflicted 363 | 13 263 87 Guns 192 | 13 142 37 Cannons 171 | . 121 50 Explosions . | . . . Melee . | . . . Ramming . | . . . Kinetic 171 | . 121 50 Thermal 37 | . . 37 Explosive . | . . . Electromagnetic 155 | 13 142 . Impact . | . . . Slashing . | . . . Piercing . | . . . Highest Corruption . | . . . Average Corruption . | . . . Corruption Purged . | . . . Corruption Blocked . | . . . Overload Shots . | . . . Overflow Damage 6 | . 6 . Projectiles 6 | . 6 . Explosions . | . . . Melee . | . . . Knockbacks 5 | . 3 2 Impact . | . . . Kinetic 5 | . 3 2 Secondary . | . . . Self-Inflicted Damage . | . . . Shots . | . . . Rammed . | . . . Targets Rammed . | . . . Kicked . | . . . Crushed . | . . . Highest Temperature 100 | 18 100 18 Average Temperature 41 | 12 51 11 Received Heat Transfer 84 | . 84 . Siege Activations . | . . . Martial Activations . | . . . Shielding Activations . | . . . Robots Disrupted . | . . . Combat Hostiles . | . . . Robots Corrupted . | . . . Combat Hostiles . | . . . Parts Fried . | . . . Impact Corruptions . | . . . Robots Melted . | . . . Combat Hostiles . | . . . Parts Melted . | . . . Heat Transferred 111 | . . 111 Parts Sabotaged . | . . . Parts Stolen . | . . . Parts Stripped . | . . . Power Chain Reactions . | . . . Alert | -11 -10 -10 ------- Run | Yrd Mat Min Maximum Alert Level . | . . . Low Security (%) 100 | 100 100 100 Level 1 . | . . . Level 2 . | . . . Level 3 . | . . . Level 4 . | . . . Level 5 . | . . . High Security . | . . . Max Security . | . . . Peak Influence 80 | 5 80 19 Initial 19 | . 3 19 Average 21 | . 33 5 Influence Increases 167 | 5 157 5 Destroy 0b10 Robot/C 100 | . 100 . Destroy 0b10 Robot/NC 15 | 5 5 5 Destroy Leader 22 | . 22 . Lose Combat Pursuer 30 | . 30 . Influence Decreases 167 | . 112 55 Entered New Map 33 | . 2 31 Time Decay 114 | . 90 24 Lost Part 20 | . 20 . Squads Dispatched . | . . . Investigation . | . . . Extermination . | . . . Reinforcement . | . . . Assault . | . . . Garrison . | . . . Intercept . | . . . Searches Triggered . | . . . Construction Impeded . | . . . Haulers Reinforced . | . . . Active Scanning Responses . | . . . Cargo Convoy Interrupts . | . . . Stealth | -11 -10 -10 --------- Run | Yrd Mat Min Distress Signals 1 | . 1 . Communications Jammed . | . . . Distress Signals . | . . . Times Spotted 10 | . 7 3 Peak Tracking Total 6 | . 6 2 Tactical Retreats 2 | . 2 . Traps | -11 -10 -10 ------- Run | Yrd Mat Min Traps Triggered . | . . . Indirectly . | . . . Trap Hack Attempts . | . . . Triggered . | . . . Disarmed . | . . . Reprogrammed . | . . . Reused . | . . . Traps Extracted . | . . . Installed . | . . . Triggered . | . . . Machines | -11 -10 -10 ---------- Run | Yrd Mat Min Machines Disabled . | . . . Max in Single Turn . | . . . Machines Repaired . | . . . Machines Dismantled . | . . . Machines Sabotaged . | . . . Overloaded Fab Kills . | . . . Hacking | -11 -10 -10 --------- Run | Yrd Mat Min Machines Accessed 2 | . 2 . Terminals 1 | . 1 . Fabricators . | . . . Repair Stations . | . . . Recycling Units 1 | . 1 . Scanalyzers . | . . . Garrison Access . | . . . Total Hacks 5 | . 5 . Successful 3 | . 3 . Failed 2 | . 2 . Catastrophic 1 | . 1 . Database Lockouts . | . . . Manual . | . . . Terminals 3 | . 3 . Fabricators . | . . . Repair Stations . | . . . Recycling Units 2 | . 2 . Scanalyzers . | . . . Garrison Access . | . . . Terminal Hacks 2 | . 2 . Locate Traps 1 | . 1 . Maintenance Status 1 | . 1 . Fabricator Hacks . | . . . Repair Station Hacks . | . . . Recycling Unit Hacks 1 | . 1 . Retrieve Matter 1 | . 1 . Scanalyzer . | . . . Garrison Access Hacks . | . . . Unauthorized Hacks . | . . . Terminals . | . . . Fabricators . | . . . Repair Stations . | . . . Recycling Units . | . . . Scanalyzers . | . . . Garrison Access . | . . . Data Cores Recovered . | . . . Used . | . . . Hacking Detections 1 | . 1 . Full Trace Events . | . . . Feedback Events . | . . . Feedback Blocked . | . . . Robot Schematics Acquired . | . . . Robots Built . | . . . Authchips . | . . . Time . | . . . Total Robot Build Rating . | . . . Part Schematics Acquired . | . . . Parts Built . | . . . Authchips . | . . . Time . | . . . Total Part Build Rating . | . . . Part Studies Acquired . | . . . Parts Repaired . | . . . Time . | . . . Parts Recycled . | . . . Recycled Matter . | . . . Retrieved Matter . | . . . Retrieved Components . | . . . Parts Scanalyzed . | . . . Part Schematics Acquired . | . . . Parts Damaged . | . . . Bothacking | -11 -10 -10 ------------ Run | Yrd Mat Min Used RIF Installer . | . . . Robots Hacked . | . . . Non-combat . | . . . Combat . | . . . Robot Hacks Applied . | . . . Relay Couplers Released . | . . . Fabnet Peak Effective % . | . . . Robots Rewired . | . . . Allies Hacked . | . . . Hacks Repelled . | . . . Allies | -11 -10 -10 -------- Run | Yrd Mat Min Total Allies . | . . . Largest Group . | . . . Highest-Rated Group . | . . . Highest-Rated Ally . | . . . Total Orders . | . . . Ally Attacks . | . . . Total Damage . | . . . Kills . | . . . Allies Corrupted . | . . . Allies Melted . | . . . Intel | -11 -10 -10 ------- Run | Yrd Mat Min Active Infowar (turns) 15 | . . 15 Terrain 15 | . . 15 Robot Analysis Total . | . . . Derelict Logs Recovered 1 | . . 1 Drone Launches . | . . . Drone Recoveries . | . . . Exploration | -11 -10 -10 ------------- Run | Yrd Mat Min Turns Passed 483 | 77 294 112 Spaces Moved 289 | 54 160 75 Core 14 | 14 . . Treads 22 | . 21 1 Legs 253 | 40 139 74 Wheels . | . . . Hover . | . . . Flight . | . . . Fastest Speed 50 | 50 120 120 Average Speed 128 | 109 138 120 Slowest Speed 190 | 150 190 160 Overloaded Moves . | . . . Propulsion Burnouts . | . . . Robots Hopped . | . . . Potential Cave-ins . | . . . Cave-ins Triggered . | . . . Exploration Rate (%) 22 | 3 33 31 Regions Visited 2 Branch Regions 1 Pre-discovered Areas . | . . . Known Exits Taken . | . . . Unknown Exits Taken 2 | 1 1 . Scrap Searched . | . . . Spaces Dug . | . . . Terrain Destroyed . | . . . Melee . | . . . Projectile . | . . . AOE . | . . . Terrain Rammed . | . . . Walls Destroyed . | . . . Machines Disabled . | . . . Actions | -11 -10 -10 --------- Run | Yrd Mat Min Total 351 | 66 199 86 Wait 9 | . 9 . Move 287 | 53 159 75 Hop . | . . . Pick Up 9 | 5 4 . Fast Attach 9 | 6 2 1 Attach 5 | . 2 3 Detach 1 | . 1 . Swap 7 | 1 5 1 Drop . | . . . Fire 24 | 1 17 6 Melee . | . . . Ram . | . . . Kick . | . . . Crush . | . . . Escape Stasis . | . . . Rewire . | . . . Trap . | . . . Miscellaneous . | . . . Route ------- -11/Scrapyard -10/Materials -10/Mines (discovered 1 exit: [*Mat]) History --------- Turn | Location | Event 3 | -11/Scrapyard | Discovered new exit (range 14) 78 | -11/Scrapyard | Entered Materials 331 | -10/Materials | Build established: Mutant 350 | -10/Materials | Discovered new exit (range 15) 372 | -10/Materials | Entered Mines 422 | -10/Mines | Discovered new exit (range 8) 441 | -10/Mines | Assembled infested the area 476 | -10/Mines | Core integrity fell below 50% 480 | -10/Mines | Core integrity fell below 20% 484 | -10/Mines | Destroyed by D-53 Grenadier with Mini Grenade Launcher Last Messages --------------- 00448_ Targeting Computer destroyed. 00448_ K-01 Serf destroyed. 00462_ U-05 Engineer destroyed. 00465_ Acquired 18 matter. 00466_ Acquired derelict log, extracted data. Data stored: Recycling entrances (x1). 00469_ Acquired Terrain Scanner. 00470_ R-06 Scavenger collects Structural Scanner. 00471_ R-06 Scavenger destroyed. 00472_ U-05 Engineer lays Concrete. 00473_ Med. Laser destroyed. 00473_ U-05 Engineer builds a Wall. 00473_ D-53 Grenadier knocked back. 00475_ Aluminum Leg destroyed. 00477_ Lgt. Ion Engine destroyed. 00477_ U-05 Engineer destroyed. 00477_ Lgt. Cannon destroyed. 00478_ D-53 Grenadier knocked back. 00480_ The unstable cave ceiling collapses. Map ----- +----------------------------------------------------+ | ##???????????# #??# ???????? | | #????????????######### #### #?????????? | | ?????????????????????# "#?????????? | | ?????????????????????######"%#?????????? | | ??????????????????????????# "#?????????? | | ??????????????????????????# #?????????? | | ??????????????????????????# ###???????? | | ?????????????????????????## ##??????? | | ?????????????????????????# *##?????? | | ?????????????????????????# = %=#?????? | | ?????????????????????????# ##????? | | ????????????????????????## #????? | | ????????????????????????# #?????? | | ????????????????????????## ##????? | | ???????????????????????## # ##???? | | ?????????????????????#?# # # #???? | | ???????????????????????## ????? | | ????????????????????????## #????? | | ????????????????????????## #?????? | | ???????????? ??????????# #???????? | | ???????????? ???????##### ##???????? | | ??????????? ##?### #????????? | | ??????????? # d##???????? | | ?????????? d #???????? | | ????????????# != #???????? | | ?????????????# @ #???????? | | ?????????????# #???????? | | ????????????# # #???????? | | ????????????# ??# ##???????? | | ????????????## ?????### # ##????????? | | ???????????????????????### ##?????????? | | ????????????????????????? ??????????? | | ????????????????????????? ??????????? | | ????????????????????????? ?????????? | | ?????????????????????????" #?????????? | | ????????????????????????? ##?????????? | | ????????????????????????? ##??????????? | | ????????????????????????? ##???????????? | | ?????????????????????????#?????????????? | | ???????????????????????????????????????? | | ???????????????????????????????????????? | | ???????????????????????????????????????? | | ???????????????????????????????????????? | | ???????????????????????????????????????? | | ???????????????????????????????????????? | | ???????????????????????????????????????? | | ???????????????????????????????????????? | | ???????????????????????????????????????? | | ???????????????????????????????????????? | | ???????????????????????????????????????? | +----------------------------------------------------+ Best States ------------- Heat Dissipation 25 Energy Generation 10 Energy Capacity 250 Matter Stores 269 Matter Capacity 300 Sight Range 16 Terrain Scan Range 14 Terrain Scan Density 10 Evasion (%) 55 Targeting Accuracy 5 Recoil Reduction 2 Item Schematics ----------------- None Robot Schematics ------------------ None Fabricated ------------ Nothing Repaired ---------- Nothing Studied --------- None Alien Tech Used ----------------- None Achievements -------------- None Challenges ------------ None Game ------ Seed DecoderBladeGravjet Manual? 0 Play Time 00:12:06 Cumulative 18.9 hours Start 2026.09.03 @ 15:57:11 End 2026.09.03 @ 16:06:45 Sessions 1 Manual Loads 0 Difficulty Rogue Special Mode None Game No. 11 Rogue 9 Adventurer 2 Explorer 0 Win Type - Total 0 Types 0/0/0/0/0/0/0/0/0/0 Lore% 4 Gallery% 14 Achievement% 13 Wizard Run 0 Options --------- Layout 1 ASCII 0 Keyboard 0 Movement Mouse Keybinds 0 Fullscreen 1 Font 24/Smallcaps Map View 50x35 Zoom Use 0% Tactical HUD 1 Map Filters NONE Filters NONE Steam 1 RUN: ee419779-eecc-45f2-be26-4664ab2b3817